Cogmind - Beta 15 @@@ ROGUE MODE // 2025.06.25 @ 20:59:37 Player: dorusv Result: Destroyed by KY-1TS(R) with Subdweller Laser Performance ------------- Evolutions (0) 0 Regions Visited (2) 400 Robots Destroyed (18) 90 Value Destroyed (365) 365 Prototype IDs (0) 0 Alien Tech Used (0) 0 Bonus (0) 0 TOTAL SCORE: 855 Bonus ------- None Cogmind --------- Core Integrity 0/250 Matter 218/300 Energy 200/200 System Corruption 0% Temperature Cool (6) Movement Rolling (110) Location -10/Subcaves Parts ------- > --- POWER (1) -------- Subdweller Power Source > --- PROPULSION (2) --- Subdweller Monowheel > --- UTILITY (2) ------ Subdweller Optics > --- WEAPON (2) ------- Assault Rifle Makeshift Spear > --- INVENTORY (5) ---- Ion Engine Ion Engine Light Ion Engine Assault Rifle Peak State ------------ > --- POWER ------------ Subdweller Power Source > --- PROPULSION ------- Subdweller Monowheel > --- UTILITY ---------- Subdweller Optics Seismic Detector > --- WEAPON ----------- Assault Rifle Makeshift Spear > --- INVENTORY -------- Ion Engine Ion Engine Light Ion Engine Assault Rifle [Rating: 12] Favorites ----------- Power Light Ion Engine Engine Light Ion Engine Propulsion Aluminum Leg Leg Aluminum Leg Wheel Subdweller Monowheel Utility Seismic Detector Device Seismic Detector Weapon Light Assault Rifle Ballistic Gun Light Assault Rifle Launcher Grenade Launcher Piercing Weapon Makeshift Spear Build | -11 -10 -10 ------- Run | Yrd Mat Sub Slots Evolved . | . . . Power . | . . . Propulsion . | . . . Utility . | . . . Weapon . | . . . Parts Attached 14 | 7 3 4 Power 3 | 1 1 1 Engine 3 | 1 1 1 Core . | . . . Reactor . | . . . Propulsion 3 | 2 . 1 Treads . | . . . Leg 2 | 2 . . Wheel 1 | . . 1 Hover . | . . . Flight . | . . . Utility 3 | 2 . 1 Device 3 | 2 . 1 Storage . | . . . Processor . | . . . Hackware . | . . . Protection . | . . . Artifact . | . . . Weapon 5 | 2 2 1 Energy Gun . | . . . Energy Cannon . | . . . Ballistic Gun 3 | 2 1 . Ballistic Cannon . | . . . Launcher 1 | . 1 . Special Weapon . | . . . Impact Weapon . | . . . Slashing Weapon . | . . . Piercing Weapon 1 | . . 1 Special Melee Weapon . | . . . Unidentified Prototypes . | . . . Parts Lost 6 | . 2 4 Power . | . . . Propulsion 2 | . 1 1 Utility 2 | . . 2 Weapon 2 | . 1 1 Highest Loss Streak 3 | . 1 3 To Critical Strikes 1 | . 1 . Average Backups 3 | 1 3 3 Power 1 | . 1 2 Propulsion . | . . . Utility . | . . . Weapon 1 | . 1 1 Tool/Special . | . . . Unused Backups 1 | . . 1 Power 1 | . . 1 Propulsion . | . . . Utility . | . . . Weapon . | . . . Tool/Special . | . . . Average Slot Usage (%) 92 | . 98 81 Engine 14 | . 14 14 Leg 19 | . 26 7 Wheel 2 | . . 5 Device 27 | . 28 27 Ballistic Gun 20 | . 17 26 Launcher 6 | . 10 . Peak Build Rating 12 | 9 9 12 Average Rating 8 | 5 8 8 On Entrance 5 | . 9 8 Naked Turns . | . . . Heaviest Build 12 | 8 11 12 Greatest Support 20 | 20 20 20 Greatest Overweight (x) 3 | 1 . 3 Average Overweight (x) . | . . . Largest Inventory Capacity 5 | 5 5 5 Average Capacity 5 | 5 5 5 Most Carried 5 | 2 4 5 Average Carried 3 | 1 3 3 Final Capacity 5 | 5 5 5 Final Carried 4 | 2 3 4 Class Distribution -------------------- 90% | Mutant 9% | Scavenger-Mutant Dominant Class ---------------- Mutant | -10/Materials Mutant | -10/Subcaves Resources | -11 -10 -10 ----------- Run | Yrd Mat Sub Matter Collected 508 | 306 112 90 Remotely . | . . . Salvage Created 452 | 104 258 90 Parts 32 | 4 24 4 Haulers Intercepted . | . . . Recyclers Shooed . | . . . Parts Field Recycled . | . . . Retrieved Matter . | . . . Parts Self-Destructed . | . . . Prevented . | . . . Kills | -11 -10 -10 ------- Run | Yrd Mat Sub Combat Hostiles Destroyed 15 | . 13 2 Guns 8 | . 6 2 AOE 7 | . 7 . Classes Destroyed 5 | 2 2 1 Tunneler 1 | 1 . . Recycler 2 | 1 1 . Swarmer 9 | . 9 . Grunt 4 | . 4 . Subdweller 2 | . . 2 Best Kill Streak 4 | 2 4 1 Combat Bots Only 3 | . 3 1 Max Kills in Single Turn 3 | 1 3 1 Gunslinging 1 | . 1 . Exploded 3 | . 3 . Melee . | . . . Uniques/NPCs Destroyed . | . . . Combat | -11 -10 -10 -------- Run | Yrd Mat Sub Hostile Shots Fired 84 | . 57 27 Missed 19 | . 15 4 Hits 65 | . 42 23 Projectile 65 | . 42 23 Critical Strikes 2 | . 1 1 Damage Taken 945 | . 462 483 Core 263 | . 78 185 Absorbed by Shields . | . . . Core Remaining (%) 100 | 100 . . Volleys Fired 60 | 9 21 30 Largest 2 | 2 2 2 Hottest 50 | 40 50 40 Shots Fired 102 | 18 37 47 Gun 94 | 18 29 47 Cannon . | . . . Launcher 8 | . 8 . Special . | . . . Kinetic 94 | 18 29 47 Thermal . | . . . Explosive 8 | . 8 . Electromagnetic . | . . . Robot Hit Streak 21 | 7 9 21 Robot Miss Streak 2 | 2 2 1 Penetration Max . | . . . Secondary Targets 4 | . 4 . Max Gunslinging Chain 1 | . 1 . Shots Hit Robots 64 | 12 28 24 Core Hits 26 | 3 18 5 Critical Kills . | . . . Critical Parts Destroyed . | . . . Critical Strikes 1 | . . 1 Destroy 1 | . . 1 Melee Attacks 7 | . . 7 Impact . | . . . Slashing . | . . . Piercing 7 | . . 7 Sneak Attacks . | . . . Combat Hostiles . | . . . Follow-up Attacks . | . . . Damage Inflicted 1181 | 119 720 342 Guns 574 | 119 193 262 Cannons . | . . . Explosions 514 | . 514 . Melee 80 | . . 80 Ramming 13 | . 13 . Kinetic 574 | 119 193 262 Thermal 81 | . 81 . Explosive 433 | . 433 . Electromagnetic . | . . . Impact . | . . . Slashing . | . . . Piercing 80 | . . 80 Highest Corruption . | . . . Average Corruption . | . . . Corruption Purged . | . . . Corruption Blocked . | . . . Overload Shots . | . . . Overflow Damage 6 | . 6 . Projectiles . | . . . Explosions 6 | . 6 . Melee . | . . . Knockbacks . | . . . Impact . | . . . Kinetic . | . . . Secondary . | . . . Self-Inflicted Damage 103 | . 103 . Shots 3 | . 3 . Rammed . | . . . Targets Rammed 5 | . 5 . Kicked 5 | . 5 . Crushed . | . . . Highest Temperature 26 | . 26 . Average Temperature 11 | . 11 . Received Heat Transfer 90 | . 36 54 Siege Activations . | . . . Martial Activations . | . . . Shielding Activations . | . . . Robots Disrupted . | . . . Combat Hostiles . | . . . Robots Corrupted . | . . . Combat Hostiles . | . . . Parts Fried . | . . . Impact Corruptions . | . . . Robots Melted . | . . . Combat Hostiles . | . . . Parts Melted . | . . . Heat Transferred 50 | . 50 . Parts Sabotaged . | . . . Parts Stolen . | . . . Parts Stripped . | . . . Power Chain Reactions . | . . . Alert | -11 -10 -10 ------- Run | Yrd Mat Sub Maximum Alert Level 1 | . 1 . Low Security (%) 67 | 100 58 . Level 1 32 | . 41 . Level 2 . | . . . Level 3 . | . . . Level 4 . | . . . Level 5 . | . . . High Security . | . . . Max Security . | . . . Peak Influence 298 | 10 298 . Initial . | . . . Average 105 | . 133 . Influence Increases 472 | 10 462 . Destroy 0b10 Robot/C 260 | . 260 . Destroy 0b10 Robot/NC 15 | 10 5 . Destroy Leader 60 | . 60 . Successful Hack 11 | . 11 . Disable Machine 60 | . 60 . Destroy Structure 66 | . 66 . Influence Decreases 472 | 10 180 282 Entered New Map 136 | . . 136 Time Decay 286 | 10 160 116 Lost Part 50 | . 20 30 Squads Dispatched 3 | . 3 . Investigation 2 | . 2 . Extermination . | . . . Reinforcement 1 | . 1 . Assault . | . . . Garrison . | . . . Intercept . | . . . Searches Triggered . | . . . Construction Impeded . | . . . Haulers Reinforced . | . . . Active Scanning Responses . | . . . Cargo Convoy Interrupts . | . . . Stealth | -11 -10 -10 --------- Run | Yrd Mat Sub Distress Signals 1 | . 1 . Communications Jammed . | . . . Distress Signals . | . . . Times Spotted 20 | . 17 3 Peak Tracking Total 4 | . 4 2 Tactical Retreats . | . . . Traps | -11 -10 -10 ------- Run | Yrd Mat Sub Traps Triggered 1 | . 1 . Indirectly . | . . . Trap Hack Attempts . | . . . Triggered . | . . . Disarmed . | . . . Reprogrammed . | . . . Reused . | . . . Traps Extracted . | . . . Installed . | . . . Triggered . | . . . Machines | -11 -10 -10 ---------- Run | Yrd Mat Sub Machines Disabled 4 | . 4 . Max in Single Turn 4 | . 4 . Machines Repaired . | . . . Machines Dismantled . | . . . Machines Sabotaged . | . . . Overloaded Fab Kills . | . . . Hacking | -11 -10 -10 --------- Run | Yrd Mat Sub Machines Accessed 1 | . 1 . Terminals 1 | . 1 . Fabricators . | . . . Repair Stations . | . . . Recycling Units . | . . . Scanalyzers . | . . . Garrison Access . | . . . Total Hacks 7 | . 7 . Successful 3 | . 3 . Failed 4 | . 4 . Catastrophic . | . . . Database Lockouts . | . . . Manual . | . . . Terminals 7 | . 7 . Fabricators . | . . . Repair Stations . | . . . Recycling Units . | . . . Scanalyzers . | . . . Garrison Access . | . . . Terminal Hacks 3 | . 3 . Alert Level 1 | . 1 . Locate Traps 1 | . 1 . Recall Investigation 1 | . 1 . Fabricator Hacks . | . . . Repair Station Hacks . | . . . Recycling Unit Hacks . | . . . Scanalyzer . | . . . Garrison Access Hacks . | . . . Unauthorized Hacks . | . . . Terminals . | . . . Fabricators . | . . . Repair Stations . | . . . Recycling Units . | . . . Scanalyzers . | . . . Garrison Access . | . . . Data Cores Recovered . | . . . Used . | . . . Hacking Detections 1 | . 1 . Full Trace Events 1 | . 1 . Feedback Events . | . . . Feedback Blocked . | . . . Robot Schematics Acquired . | . . . Robots Built . | . . . Authchips . | . . . Time . | . . . Total Robot Build Rating . | . . . Part Schematics Acquired . | . . . Parts Built . | . . . Authchips . | . . . Time . | . . . Total Part Build Rating . | . . . Parts Repaired . | . . . Time . | . . . Parts Recycled . | . . . Recycled Matter . | . . . Retrieved Matter . | . . . Retrieved Components . | . . . Parts Scanalyzed . | . . . Part Schematics Acquired . | . . . Parts Damaged . | . . . Bothacking | -11 -10 -10 ------------ Run | Yrd Mat Sub Used RIF Installer . | . . . Robots Hacked . | . . . Non-combat . | . . . Combat . | . . . Robot Hacks Applied . | . . . Relay Couplers Released . | . . . Fabnet Peak Effective % . | . . . Robots Rewired . | . . . Allies Hacked . | . . . Hacks Repelled . | . . . Allies | -11 -10 -10 -------- Run | Yrd Mat Sub Total Allies . | . . . Largest Group . | . . . Highest-Rated Group . | . . . Highest-Rated Ally . | . . . Total Orders . | . . . Ally Attacks . | . . . Total Damage . | . . . Kills . | . . . Allies Corrupted . | . . . Allies Melted . | . . . Intel | -11 -10 -10 ------- Run | Yrd Mat Sub Active Infowar (turns) 815 | 34 487 294 Optics 130 | . . 130 Terrain 657 | 25 487 145 Seismic 809 | 34 487 288 Robot Analysis Total . | . . . Derelict Logs Recovered . | . . . Drone Launches . | . . . Drone Recoveries . | . . . Exploration | -11 -10 -10 ------------- Run | Yrd Mat Sub Turns Passed 915 | 134 487 294 Spaces Moved 597 | 87 346 164 Core 27 | 18 . 9 Treads . | . . . Legs 498 | 69 346 83 Wheels 72 | . . 72 Hover . | . . . Flight . | . . . Fastest Speed 50 | 50 120 110 Average Speed 118 | 111 120 120 Slowest Speed 200 | 120 120 200 Overloaded Moves . | . . . Propulsion Burnouts . | . . . Robots Hopped . | . . . Potential Cave-ins . | . . . Cave-ins Triggered . | . . . Exploration Rate (%) 16 | 4 41 5 Regions Visited 2 Branch Regions 1 Pre-discovered Areas . | . . . Known Exits Taken . | . . . Unknown Exits Taken 2 | 1 1 . Scrap Searched . | . . . Spaces Dug 1 | . . 1 Terrain Destroyed 87 | . 86 1 Melee 1 | . . 1 Projectile . | . . . AOE 86 | . 86 . Terrain Rammed . | . . . Walls Destroyed . | . . . Machines Disabled . | . . . Actions | -11 -10 -10 --------- Run | Yrd Mat Sub Total 695 | 104 383 208 Wait 8 | . 8 . Move 595 | 86 345 164 Hop . | . . . Pick Up 3 | 2 . 1 Fast Attach 10 | 7 1 2 Attach 3 | . 1 2 Detach 2 | . 1 1 Swap 2 | . 1 1 Drop . | . . . Fire 60 | 9 21 30 Melee 7 | . . 7 Ram . | . . . Kick 5 | . 5 . Crush . | . . . Escape Stasis . | . . . Rewire . | . . . Trap . | . . . Miscellaneous . | . . . Route ------- -11/Scrapyard -10/Materials (discovered 3 exits: [*Mat] / [*Min] / [*Sub]) -10/Subcaves History --------- Turn | Location | Event 17 | -11/Scrapyard | Discovered new exit (range 16) 135 | -11/Scrapyard | Entered Materials 205 | -10/Materials | Discovered new exit (range 12) 302 | -10/Materials | Build established: Mutant 421 | -10/Materials | Discovered new exit (range 16) 611 | -10/Materials | Discovered new exit (range 9) 622 | -10/Materials | Entered Subcaves 623 | -10/Subcaves | Approached by a straggling Scientist 682 | -10/Subcaves | Shifting Twisted Machinery released Flamer 683 | -10/Subcaves | Shifting Twisted Machinery released Mak. Spear 764 | -10/Subcaves | Core integrity fell below 50% 798 | -10/Subcaves | Lost 3 parts (1n1u1w) 900 | -10/Subcaves | Ambushed by Subdweller buried in earth 907 | -10/Subcaves | Core integrity fell below 20% 916 | -10/Subcaves | Destroyed by KY-1TS(R) with Subdweller Laser Last Messages --------------- SA-53S(c): "I think it's somewhere east of here" 00743_ Lgt. Assault Rifle destroyed. 00745_ WE-K36(R) suffers critical hit (Destroy). 00751_ HJ-EAZ(R) destroyed. 00761_ Subatomizers dissect the Sub. Power Source. 00761_ Aluminum Leg destroyed. 00767_ Imp. Terrain Scanner destroyed. 00773_ Subatomizers dissect the Sub. Power Source. 00773_ WE-K36(R) destroyed. SA-53S(c): "I think it's somewhere east of here" 00776_ Acquired 48 matter. 00778_ Acquired 42 matter. 00786_ Subatomizers dissect the Sub. Power Source. 00786_ Acquired Sub. Optics. 00796_ Subatomizers dissect the Sub. Power Source. 00797_ Acquired Sub. Monowheel. 00806_ Subatomizers dissect the Sub. Power Source. SA-53S(c): "I think it's somewhere east of here" 00901_ KY-1TS(R): "NAT20!" 00910_ Seismic Detector destroyed. Map ----- +----------------------------------------------------+ | ??????????????"??????????????????????????????????? | | ?????????????????????????????????????????????????? | | ?????????????????????????????????????????????????? | | ????#????????????????????????????????????????????? | | ?????????????????????????????????????????????????? | | ?????????????????????????????????????????????????? | | ????#????????????????????????????????????????????? | | ?????????????????????????????????????????????????? | | ?????????????????????????????????????????????????? | | ?????????#???????????????????????????????????????? | | ?????????????????????????????????????????????????? | | ????????????????????#????????????????????????????? | | ?????????????????###?????????????????????????????? | | ???????????####### ##????????????????????????????? | | ???????????# #????????????????????????????? | | ???????????# #??#?????#???????????????????? | | ?? ?? ??## ##????????????????????????????? | | ????? ?# ### ##????????????????????????????? | | #?????# #?## ##???????????????????????????? | | ###???# #?## ##????????????????????????????? | | #?## #?# #????????????????????????????? | | ### #### #??#?????????????????????????? | | ### ## ####??##???? ?????????????????? | | " ## # ### ##?????????????????????? | | ?# "" ##### # #?????????????????????? | | ??# ""|##???## c @#???#??????????????????? | | ### "" ##??#?# ## #####R#??????????????????????? | | "" ##?### ####???## ?????????????????????? | | "" # #### #???????###????????????????????? | | "" ## ## ##????????????#?????????????????? | | "" # ## #??###??????????????????????????? | | " * ####???????#???????????????????????? | | ""# # #??????????????????????????????????? | | ""###""########??????#???????????????????????????? | | #?#""#?#???????#???????????????????????????????? | | ""##"""#????????????????????##???????????????????? | | "##""" ##?????#???????##?????????????????????????? | | ##?? #???????????##????#???????????????????????? | | ????? #?#???????????????????????????????????????? | | ??????##?????????#???????????????????????????????? | | ?????????#???????????????????????????????????????? | | ??????#???????????#??????????????????????????????? | | ##?????#?????????????????????????????????????????? | | ??????#????????#?????????????????????????????????? | | ???????????#?????????????????????????????????????? | | ????????????##???????????????????????????????????? | | ?????????????????????????????????????????????????? | | ?????????????????????????????????????????????????? | | ?????????????????????????????????????????????????? | | ?????????????????????????????????????????????????? | +----------------------------------------------------+ Best States ------------- Heat Dissipation 25 Energy Generation 15 Energy Capacity 250 Matter Stores 300 Matter Capacity 300 Sight Range 21 Terrain Scan Range 16 Terrain Scan Density 10 Evasion (%) 55 Item Schematics ----------------- None Robot Schematics ------------------ None Fabricated ------------ Nothing Repaired ---------- Nothing Alien Tech Used ----------------- None Achievements -------------- None Challenges ------------ None Game ------ Seed MagneticChromaticBarrier Manual? 0 Play Time 00:08:25 Cumulative 16.3 hours Start 2025.06.24 @ 20:55:59 End 2025.06.25 @ 20:59:37 Sessions 8 Manual Loads 0 Difficulty Rogue Special Mode None Game No. 55 Rogue 52 Adventurer 3 Explorer 0 Win Type - Total 0 Types 0/0/0/0/0/0/0/0/0/0 Lore% 15 Gallery% 21 Achievement% 20 Wizard Run 0 Options --------- Layout 0 ASCII 0 Keyboard 1 Movement Arrows Keybinds 0 Fullscreen 2 Font 24/Smallcaps Map View 91x50 Zoom Use 0% Tactical HUD 1 Map Filters NONE Filters NONE Steam 1 RUN: 7612a5ac-0aa7-4366-9131-724f9be88aba